Map: Cyber Forest LE

Players

SandboX

  • Race: Zerg Zerg
  • Spawn Location: 11:00

ToothlessJAY - Winner!

  • Race: Terran Terran
  • League: Platinum
  • Spawn Location: 5:00

VOD

Have the link to the VOD?

Description

Time

  • Played on: Aug. 10, 2019, 1:45 p.m.
  • Length: 16:09
Show
View Real Time Build Order
Export as new Build Order

SandboX Zerg 

Build Orders: Hatch First 

Get SALT Encoding   

  12  0:01  Drone  
  13  0:14  Overlord  
  13  0:23  Drone  
  14  0:35  Drone x2  
  16  0:37  Drone  
  17  0:58  Hatchery  
  17  1:02  Drone x2  
  18  1:05  Extractor  
  17  1:18  Spawning Pool  
  16  1:21  Drone  
  16  1:24  Drone  
  18  1:30  Drone  
  19  1:41  Overlord  
  19  2:05  Zergling x2  
  19  2:06  Zergling x2  
  19  2:08  Metabolic Boost  
  21  2:09  Queen  
  21  2:10  Queen  
  21  2:13  Drone  
  26  2:18  Drone  
  27  2:23  Drone  
  28  2:33  Drone x2  
  30  2:45  Hatchery  
  29  2:53  Drone x3  
  32  3:03  Overlord  
  32  3:05  Drone  
  33  3:10  Drone x2  
  35  3:15  Overlord  
  35  3:20  Spore Crawler  
  35  3:22  Spore Crawler  
  35  3:25  Queen  
  35  3:31  Drone x2  
  35  3:32  Drone  
  38  3:37  Drone x2  
  38  3:39  Drone  
  38  3:41  Drone  
  42  3:48  Overlord  
  42  3:49  Overlord  
  42  3:57  Roach Warren  
  41  4:08  Drone x6  
  41  4:09  Drone  
  48  4:19  Extractor x2  
  46  4:29  Drone x8  
  54  4:37  Lair  
  54  4:48  Evolution Chamber x2  
  52  5:08  Roach x11  
  52  5:10  Overlord x2  
  52  5:11  Overlord  
  74  5:16  Zerg Missile Weapons Level 1  
  74  5:19  Zerg Ground Armor Level 1  
  74  5:39  Roach  
  74  5:40  Roach x5  
  86  5:46  Extractor  
  85  5:56  Extractor  
  84  6:01  Extractor  
  83  6:05  Glial Reconstitution  
  83  6:12  Hydralisk Den  
  82  6:21  Drone x6  
  88  6:34  Roach  
  88  6:36  Overlord x5  
  88  6:37  Overlord x3  
  90  6:45  Muscular Augments  
  90  7:12  Roach  
  90  7:15  Zerg Missile Weapons Level 2  
  92  7:16  Zerg Ground Armor Level 2  
  92  7:31  Drone x5  
  92  7:32  Drone x3  
  92  7:35  Drone x3  
  92  7:36  Drone x2  
  105  7:46  Roach  
  87  7:56  Roach  
  87  7:57  Roach x15  
  105  8:03  Drone x2  
  105  8:04  Drone x2  
  109  8:23  Hydralisk x5  
  109  8:26  Hydralisk  
  121  8:30  Hatchery  
  120  8:49  Hydralisk x9  
  138  9:07  Hydralisk x4  
  126  9:17  Roach x7  
  92  9:25  Roach x2  
  92  9:27  Hydralisk  
  92  9:28  Hydralisk  
  92  9:37  Hydralisk x2  
  92  9:38  Hydralisk  
  88  9:46  Hydralisk x3  
  94  10:00  Hydralisk x3  
  94  10:05  Drone  
  99  10:19  Roach x6  
  97  10:38  Drone x3  
  97  10:40  Hatchery  
  99  10:47  Queen  
  101  11:07  Grooved Spines  
  101  11:08  Roach  
  101  11:09  Roach x6  
  115  11:17  Extractor  
  114  11:21  Drone x8  
  123  11:42  Drone x3  
  123  11:43  Drone x8  
  134  11:55  Drone x7  
  141  12:01  Extractor  
  141  12:02  Extractor  
  141  12:03  Hydralisk x4  
  147  12:10  Infestation Pit, Tunneling Claws  
  146  12:18  Queen  
  148  12:37  Drone x3  
  148  12:38  Drone  
  148  12:40  Overlord x4  
  152  13:05  Drone x5  
  157  13:06  Roach x2  
  157  13:07  Roach x11  
  157  13:09  Overlord x3  
  183  13:33  Roach x8  
  117  13:49  Hydralisk, Roach x6  
  117  13:50  Hydralisk x5, Roach x6  
  139  13:57  Hydralisk x2  
  143  14:16  Hydralisk x7  
  151  14:18  Hatchery  
  156  14:31  Hydralisk x7  
  170  14:44  Hydralisk x6  
  182  14:50  Hive  
  182  14:52  Pathogen Glands  
  182  14:57  Infestor x3  
  183  15:08  Infestor  
  183  15:09  Infestor x4  
  185  15:35  Ravager x2  
  187  15:40  Spore Crawler  
  186  15:43  Spore Crawler  
  186  15:46  Spore Crawler  
Show
View Real Time Build Order
Export as new Build Order

ToothlessJAY Terran - Winner!

Build Orders: 2 Factory 

Get SALT Encoding   

  12  0:02  SCV  
  13  0:14  SCV  
  13  0:18  Supply Depot  
  14  0:26  SCV  
  15  0:42  Barracks  
  15  0:44  SCV  
  16  0:57  SCV  
  17  1:09  SCV  
  18  1:21  Command Center  
  18  1:22  SCV  
  19  1:30  Supply Depot  
  19  1:31  Marine  
  20  1:37  Refinery  
  20  1:41  SCV  
  21  1:55  SCV  
  21  1:57  Barracks  
  21  2:00  Refinery  
  22  2:07  SCV  
  23  2:09  Marine  
  24  2:19  SCV  
  25  2:31  SCV  
  26  2:41  Marine  
  26  2:43  SCV  
  28  2:50  Factory, Orbital Command  
  28  2:54  Barracks Tech Lab  
  28  3:05  SCV  
  29  3:06  Factory  
  29  3:10  Engineering Bay  
  29  3:12  Marine  
  30  3:17  Marauder  
  32  3:30  Marine  
  32  3:31  Concussive Shells  
  33  3:35  Factory Tech Lab  
  35  3:41  Marauder  
  35  3:48  Barracks Reactor, Orbital Command  
  35  3:51  Factory Tech Lab  
  35  3:55  Starport  
  35  4:07  Orbital Command  
  35  4:14  SCV  
  39  4:17  Siege Tank  
  39  4:26  SCV  
  40  4:32  Widow Mine  
  40  4:33  SCV  
  40  4:38  Missile Turret, SCV  
  44  4:42  Missile Turret  
  45  4:45  SCV  
  45  4:50  SCV  
  46  4:55  Supply Depot  
  46  5:01  Supply Depot  
  46  5:03  Refinery  
  46  5:17  Siege Tank, SCV x2  
  46  5:18  Starport Reactor  
  46  5:19  Supply Depot  
  51  5:24  Supply Depot  
  51  5:29  Missile Turret x2  
  51  5:30  SCV x2  
  53  5:36  Marauder  
  53  5:37  Marine  
  53  5:42  SCV  
  57  5:43  SCV  
  57  5:44  Liberator  
  57  5:45  Marine  
  59  5:50  Sensor Tower  
  59  5:52  Missile Turret  
  59  5:55  Marine  
  60  5:57  Armory  
  60  5:58  Marauder  
  65  6:09  SCV x2  
  67  6:16  Marine  
  67  6:17  Refinery, Marine  
  69  6:19  Marine  
  69  6:21  SCV  
  71  6:34  Marine  
  71  6:35  Widow Mine x2, Marine  
  71  6:36  Marine  
  78  6:41  Terran Infantry Weapons Level 1  
  78  6:46  Terran Ship Weapons Level 1  
  78  6:53  Starport  
  78  6:57  Starport  
  78  7:03  Supply Depot  
  78  7:07  Supply Depot  
  78  7:19  Liberator  
  78  7:20  Command Center, Liberator  
  78  7:24  Marine  
  78  7:25  SCV x2  
  78  7:26  Supply Depot  
  81  7:31  Starport Tech Lab  
  81  7:33  Starport Tech Lab  
  81  7:37  SCV x2  
  89  7:49  SCV x2, Supply Depot  
  88  8:01  SCV x2, Drilling Claws  
  88  8:05  Widow Mine x2  
  94  8:07  Raven  
  98  8:12  Marauder  
  98  8:13  SCV, Marine x2, Supply Depot  
  101  8:22  Barracks  
  101  8:23  Barracks  
  101  8:30  Marine  
  101  8:31  Marine  
  105  8:34  Marauder  
  81  9:36  Marine x2, Marauder  
  82  9:39  Siege Tank  
  82  9:40  Siege Tank  
  82  9:42  Raven x2  
  92  9:54  Marine x2  
  92  9:55  Fusion Core, Terran Ship Weapons Level 2  
  92  9:57  Marauder  
  96  10:12  Marine x2  
  98  10:19  Marauder  
  84  10:23  Liberator  
  84  10:24  Liberator x2  
  84  10:29  Marine  
  84  10:30  Marine  
  86  10:40  Marauder  
  95  10:45  Orbital Command  
  95  10:47  Marine x2  
  95  10:49  SCV x2  
  99  11:01  SCV x2, Marine  
  102  11:05  Marine x2  
  102  11:09  Refinery  
  104  11:12  Refinery  
  104  11:13  SCV x2  
  106  11:19  Marauder  
  106  11:24  Siege Tank x2  
  106  11:25  Sensor Tower  
  114  11:33  Advanced Ballistics  
  114  11:43  SCV x2  
  116  11:56  Barracks Reactor, Widow Mine  
  116  11:57  Widow Mine, Barracks Tech Lab  
  116  12:00  Command Center  
  116  12:01  Marine x2, Marauder  
  123  12:06  Terran Infantry Weapons Level 2  
  124  12:10  Weapon Refit  
  124  12:11  Terran Vehicle And Ship Armor Level 1  
  124  12:18  Marine  
  124  12:19  Marine, Marauder  
  124  12:22  Marine  
  129  12:28  Battlecruiser, Supply Depot  
  135  12:30  Supply Depot  
  135  12:36  Marine  
  135  12:37  Marine  
  136  12:40  Marauder x2  
  141  12:50  Command Center  
  141  12:52  Supply Depot  
  141  12:54  Marine  
  141  12:55  Supply Depot x2  
  142  13:03  Marauder x2  
  142  13:04  Marine x3  
  149  13:09  Widow Mine x2  
  149  13:12  Marine  
  154  13:16  Supply Depot  
  154  13:18  Supply Depot  
  154  13:21  Marine  
  154  13:22  Marine x2  
  154  13:25  Marauder x2  
  161  13:30  Widow Mine, Marine  
  164  13:39  Marine x2  
  164  13:40  Marine  
  162  13:42  Supply Depot  
  149  13:55  Orbital Command  
  147  13:56  Liberator x2  
  147  13:57  Liberator x2  
  147  14:04  Supply Depot  
  147  14:09  Marine, Marauder x2  
  151  14:10  Marine x3  
  151  14:12  Widow Mine x2  
  171  14:22  Neosteel Armor  
  171  14:27  Marine  
  171  14:28  Marine  
  171  14:31  Marauder x2  
  177  14:33  Widow Mine  
  179  14:39  Liberator  
  179  14:45  Marine x3  
  180  14:46  Marine  
  180  14:52  Marauder x2  
  188  15:03  Marine x3  
  188  15:04  Battlecruiser, Marine  
  198  15:13  Marauder  
Tags
 
Add a new tag
Caveats
  • Supply blocks, unpowered buildings, or Contaminate may cause inaccurate times.
  • Supply counts are checked every 10 seconds.